 Dungeon Crawl Stone Soup version 0.30-a0-702-gdf48620a09 (webtiles) character file.

Game seed: 10690159795549798625

16186 quinnr the Stormcaller (level 12, 0/64 HPs)
             Began as a Tengu Air Elementalist on Jan 21, 2023.
             Was a Believer of Sif Muna.
             Succumbed to a cane toad's poison
             ... on level 1 of the Lair of Beasts on Jan 22, 2023.
             The game lasted 00:52:12 (17645 turns).

quinnr the Stormcaller (Tengu Air Elementalist)    Turns: 17645, Time: 00:52:13

Health: 0/64       AC:  9    Str:  7    XL:     12   Next: 34%
Magic:  3/22       EV: 18    Int: 20    God:    Sif Muna [**....]
Gold:   384        SH:  5    Dex: 15    Spells: 4/23 levels left

rFire   + + .      SeeInvis +    r - staff of poison {!a}
rCold   + + .      Faith    .    (no shield)
rNeg    . . .      Spirit   .    E - +2 robe {rC+ rF+}
rPois   +          Reflect  +    s - +2 hat "Ziuckirphe" {rPois rC++ Str-2 Stlth+}
rElec   .          Harm     .    (no cloak)
rCorr   .          Rampage  .    a - +2 pair of gloves {Stlth+}
Will    .....                    (boots unavailable)
Stlth   +++++                    J - amulet of reflection
HPRegen 0.30/turn                F - ring of fire
MPRegen 0.18/turn                v - ring of see invisible

@: lethally poisoned (0 -> -17), flying quickly and evasively, quick
A: beak, talons 3, nimble flight
a: Renounce Religion, Channel Magic


You were on level 1 of the Lair of Beasts.
You worshipped Sif Muna.
Sif Muna was pleased with you.
You visited 3 branches of the dungeon, and saw 12 of its levels.
You also visited: Volcano.

You collected 708 gold pieces.
You spent 324 gold pieces at shops.


Innate Abilities, Weirdness & Mutations

You have a beak for a mouth.
You have claws for feet.
Your magical nature lets you fly swiftly and evasively.


   Skills:
 + Level 3.0 Fighting
 + Level 7.0 Dodging
 - Level 4.0 Stealth
 + Level 6.0 Spellcasting
 + Level 6.1 Conjurations
 + Level 7.0 Transmutations
 + Level 16.0 Air Magic
 - Level 7.0 Invocations


You had 4 spell levels left.
You knew the following spells:

 Your Spells              Type           Power      Damage    Failure   Level
a - Airstrike             Air            31%        2d(5-21)  1%          4
l - Lightning Bolt        Conj/Air       25%        1d41      3%          5
s - Storm Form            Tmut/Air       25%        N/A       61%         7
t - Static Discharge      Conj/Air       100%       2-7/arc   1%          2
z - Shock                 Conj/Air       100%       1d9       1%          1

Your spell library contained the following spells:

 Spells                   Type           Power      Damage    Failure   Level
 Beastly Appendage        Tmut           68%        N/A       1%          1
 Wereblood                Tmut           34%        N/A       1%          2
 Swiftness                Air            63%        N/A       1%          3
 Vhi's Electric Charge    Tloc/Air       76%        N/A       1%          3
 Spider Form              Tmut/Pois      30%        N/A       8%          3
 Summon Small Mammal      Summ           24%        N/A       11%         1
 Blink                    Tloc           12%        N/A       16%         2
 Call Canine Familiar     Summ           6%         N/A       30%         3
 Gell's Gravitas          Tloc           6%         N/A       30%         3
 Summon Guardian Golem    Hex/Summ       6%         N/A       30%         3
 Teleport Other           Tloc           6%         N/A       30%         3
 Manifold Assault         Tloc           6%         N/A       71%         4
 Arcjolt                  Conj/Air       25%        1d35      3%          5
 Dispersal                Tloc           3%         N/A       100%        6

Inventory:

Hand Weapons
 x - a +1 dagger of electrocution
 z - a +2 dagger of distortion
Missiles
 k - 6 javelins
 n - 2 throwing nets {=f}
 y - 16 poisoned darts
Armour
 a - a +2 pair of gloves of stealth (worn)
 s - the +2 hat "Ziuckirphe" (worn) {rPois rC++ Str-2 Stlth+}
   (You acquired it on level 2 of the Lair of Beasts)

   Str:       It affects your strength (-2).
   rC:        It greatly protects you from cold.
   rPois:     It protects you from poison.
   Stlth:     It makes you more stealthy.
 D - a +1 pair of gloves of dexterity
 E - a +2 robe of resistance (worn)
 M - a +3 leather armour of fire resistance
Magical Staves
 r - a staff of poison (weapon) {!a}
Jewellery
 e - an amulet of guardian spirit
 v - a ring of see invisible (right hand)
 C - a ring of protection from cold
 F - a ring of fire (left hand)
 J - an amulet of reflection (around neck)
Wands
 o - a wand of flame (7)
 t - a wand of digging (6)
 H - a wand of paralysis (12)
 I - a wand of iceblast (3)
 K - a wand of polymorph (6)
 O - a wand of acid (6)
Scrolls
 d - a scroll of vulnerability
 h - 8 scrolls of enchant armour
 i - 3 scrolls of teleportation {@r2}
 l - 2 scrolls of blinking
 p - 2 scrolls of magic mapping
 u - a scroll of noise {unknown}
 w - a scroll of amnesia
 A - a scroll of fear
 B - a scroll of silence {!r}
 G - 2 scrolls of enchant weapon {unknown}
 N - a scroll of poison {unknown}
Potions
 b - 2 potions of magic
 c - 5 potions of ambrosia
 f - 2 potions of brilliance
 g - 2 potions of lignification
 j - 2 potions of heal wounds {@q2}
 m - 4 potions of curing {@q1}
 q - a potion of haste {@q3}
 L - a potion of cancellation

Dungeon Overview and Level Annotations

Branches:
Dungeon (9/15)             Temple (1/1) D:4            Lair (2/5) D:8
 Shoals (0/4) Lair:2       Spider (0/4) Lair:2      Volcano (visited)
    Orc: D:9-12

Altars:
Ashenzari
Cheibriados
Dithmenos
Elyvilon
Fedhas
Gozag
Hepliaklqana
Kikubaaqudgha
Makhleb
Nemelex Xobeh
Okawaru
Qazlal
Ru
Sif Muna
Trog
Uskayaw
Vehumet
Wu Jian
Xom
Yredelemnul
Zin
The Shining One

Shops:
D:1 :   D:3 [   D:4 *

Annotations:
D:8 2 transporters, 2 runed translucent doors, wormed's ghost, novice GnWn
Lair:2 Amaemon

..........P###...................
.#P..##...####...................
.###.##.....##.............#.....
.###.##.P#FY##.........##.)......
.........#..#####...##.#.#.##....
.........#..#####................
.........#......>F......P#.####..
.........................#.# ##..
................@...#.#....###...
..........#..##.^..#####....##.##
.....#..#......#...# ##..#.....#
≈≈≈§.#.#.......#...####......PP.#
≈░░≈.#.........#............P~P.#
≈≈░§..............>.........PP...
≈≈§≈§.............######........#
.§§..#####......### ####.....#
##.### ####.### #.#####


You could see a cane toad.


Message History

The lightning grounds out.
Unknown command.
Casting: Static Discharge (safe; 1% risk of failure)
Confirm with . or Enter, or press ? or * to list all spells.
Aiming: Airstrike (safe; 1% risk of failure)
Press: ? - help, Dir - move target, f - cane toad
Aim: a cane toad (lightly wounded, empty space bonus: 7/8)
The air twists around and strikes the cane toad!
The cane toad is moderately wounded.
The cane toad stings you!!
* * * LOW HITPOINT WARNING * * *
The cane toad stings you but does no damage.
The cane toad misses you.
You fly upwards.
There is a stone staircase leading down, spattered with blood here.
Casting: Airstrike (safe; 1% risk of failure)
Confirm with . or Enter, or press ? or * to list all spells.
Aiming: Lightning Bolt (dangerous; 3% risk of failure)
Press: ? - help, Shift-Dir - straight line, f - cane toad
Aim: a cane toad (moderately wounded, 69% to hit)
The bolt of lightning hits the cane toad!!
The cane toad is severely wounded.
You block the cane toad's attack. The cane toad stings you!
* * * LOW HITPOINT WARNING * * *
You are poisoned.
The cane toad poisons you! The cane toad attacks as you move away!
The cane toad stings you!
* * * LOW HITPOINT WARNING * * *
You die...

Skill      XL: |  1  2  3  4  5  6  7  8  9 10 11 12 |
---------------+-------------------------------------+-----
Air Magic      | 5 6 7 8 10 12 13 15 16 | 16.0
Conjurations   | 2 3 5 6 |  6.1
Spellcasting   | 3 4 5 6 |  6.0
Fighting       | 1 3 |  3.0
Dodging        | 3 5 7 |  7.0
Stealth        | 3 4 |  4.0
Invocations    | 4 7 |  7.0
Transmutations | 3 5 7 |  7.0

Action                   |  1- 3 |  4- 6 |  7- 9 | 10-12 || total
-------------------------+-------+-------+-------+-------++-------
Melee: Unarmed           |     6 |       |    23 |       ||    29
       Kick              |     2 |       |    16 |     1 ||    19
       Peck              |       |       |    10 |     4 ||    14
       Staff             |       |       |     5 |       ||     5
       Punch             |       |       |     3 |       ||     3
       Dagger            |       |       |     1 |     6 ||     7
 Cast: Shock             |    66 |   100 |    35 |    54 ||   255
       Static Discharge  |       |     5 |    10 |    17 ||    32
       Airstrike         |       |    10 |    74 |   187 ||   271
       Lightning Bolt    |       |       |     4 |    25 ||    29
Invok: Channel Magic     |       |       |       |     4 ||     4
Evoke: Wand              |       |       |    11 |    18 ||    29
  Use: Scroll            |     3 |     4 |       |    10 ||    17
       Potion            |       |     1 |     1 |     1 ||     3
Armor: Robe              |     6 |     5 |     3 |     8 ||    22
Dodge: Dodged            |    18 |     9 |    36 |    65 ||   128
Block: Other             |       |       |       |    14 ||    14

Levels and vault maps discovered:
D:1:      amcnicky_arrival_gap_in_the_tavern_cellar, layout_loops_ring,
          serial_shops, nicolae_shop_waterfront, serial_bayou_pond_c,
          st_stairs_11
D:2:      layout_loops_corners, basic_ecumenical_altar,
          kennysheep_pointless_box, minmay_hedge_maze, uniq_sigmund
D:3:      layout_basic, ebering_ghost_sewer_f, serial_shops, shop_fountains,
          kennysheep_flooded_box, uniq_robin, uniq_terence
D:4:      layout_basic, minmay_temple_entry_grid, minmay_shop_mass
D:5:      layout_rooms, gammafunk_ghost_nasty_kobolds
D:6:      layout_rooms, minitemple, grunt_decor_fettered
D:7:      layout_gridville, mainiacjoe_overflow_surrounded_room,
          hangedman_abyss_or_decor_slice
D:8:      gammafunk_beogh_shrine, layout_basic, nicolae_wu_jian_wuxing_cycle,
          hellmonk_lair_entry_icy, ebering_ghost_disaster_area
D:9:      layout_stronghold
Temple:   nicolae_temple_two_arcs
Lair:1:   layout_gridlike, dreamdust_deal_with_the_devil, guppyfry_lair_drakes
Lair:2:   layout_big_grid, shoals_dummy_entry, spider_nest_entry_web_field,
          enter_volcano_4, grunt_megastairs_3, infiniplex_staircase_pool,
          uniq_amaemon

Notes
Turn   | Place    | Note
-------+----------+-------------------------------------------
     0 | D:1      | quinnr the Tengu Air Elementalist began the quest for the
                  | Orb.
     0 | D:1      | Reached XP level 1. HP: 10/10 MP: 4/4
   167 | D:1      | Reached XP level 2. HP: 15/15 MP: 4/6
   239 | D:1      | Reached skill level 5 in Air Magic
   615 | D:1      | Reached XP level 3. HP: 19/19 MP: 4/7
  1032 | D:1      | Found Vetuvvuf's Book Boutique.
  1354 | D:2      | You fall into a shaft and drop 1 floor!
  1487 | D:2      | Learned a level 2 spell: Static Discharge
  1611 | D:2      | Found a faded altar of an unknown god.
  1764 | D:2      | Reached skill level 6 in Air Magic
  1764 | D:2      | Reached XP level 4. HP: 24/24 MP: 5/8
  1906 | D:2      | Reached skill level 2 in Conjurations
  2030 | D:2      | Noticed Sigmund
  2129 | D:3      | Noticed Terence
  2173 | D:3      | Killed Terence
  2455 | D:3      | Reached skill level 3 in Spellcasting
  2456 | D:3      | Gained mutation: Your magical nature lets you fly swiftly
                  | and evasively. [Tengu growth]
  2456 | D:3      | Reached XP level 5. HP: 26/28 MP: 1/10
  2547 | D:3      | Reached skill level 1 in Fighting
  2555 | D:3      | Found Mofroh's Antique Armour Shop.
  2631 | D:3      | Learned a level 4 spell: Airstrike
  2636 | D:3      | Found a runed translucent door.
  2664 | D:3      | Reached skill level 3 in Dodging
  2793 | D:3      | Noticed GiantSquids's ghost (amateur MfBe)
  3078 | D:3      | Found a runed translucent door.
  3092 | D:3      | Noticed Robin
  3787 | D:3      | Killed Robin
  4065 | D:4      | Noticed a phantom
  4070 | D:4      | Killed a phantom
  4071 | D:4      | Reached skill level 3 in Stealth
  4071 | D:4      | Reached XP level 6. HP: 34/34 MP: 2/12
  4164 | D:4      | Found Luppiz's Mass Market.
  4427 | D:4      | Found a staircase to the Ecumenical Temple.
  4457 | Temple   | Entered the Ecumenical Temple
  4470 | Temple   | Became a worshipper of Sif Muna the Loreminder
  4746 | D:4      | Learned a level 5 spell: Lightning Bolt
  4763 | D:5      | Entered Level 5 of the Dungeon
  4942 | D:3      | Found Mofroh's Antique Armour Shop.
  4974 | D:3      | Found a runed translucent door.
  5015 | D:3      | Found a runed translucent door.
  5561 | D:2      | Killed Sigmund
  5562 | D:2      | Reached skill level 3 in Conjurations
  5562 | D:2      | Reached skill level 7 in Air Magic
  5562 | D:2      | Reached XP level 7. HP: 38/38 MP: 0/13
  5775 | D:3      | Killed GiantSquids's ghost
  5776 | D:3      | Reached skill level 4 in Spellcasting
  5785 | D:2      | Reached skill level 4 in Stealth
  5876 | D:3      | Reached skill level 4 in Conjurations
  6388 | D:6      | Reached skill level 8 in Air Magic
  6394 | D:6      | Reached skill level 5 in Conjurations
  6407 | D:6      | Noticed a wraith
  6666 | D:5      | Reached XP level 8. HP: 43/43 MP: 5/15
  6850 | D:5      | Found a runed translucent gate.
  6850 | D:5      | Found a runed translucent gate.
  6852 | D:5      | Found a runed translucent gate.
  6852 | D:5      | Noticed Khashishi's ghost (novice FoFi)
  6965 | D:6      | Found a blossoming altar of Fedhas.
  7014 | D:6      | Found a shimmering altar of Xom.
  7015 | D:6      | Found an opulent altar of Gozag.
  7017 | D:6      | Found a stormy altar of Qazlal.
  7019 | D:6      | Found a hazy altar of Hepliaklqana.
  7020 | D:6      | Found a burning altar of Makhleb.
  7147 | D:6      | Reached skill level 9 in Air Magic
  7208 | D:5      | Killed a wraith
  7209 | D:5      | Reached skill level 5 in Dodging
  7545 | D:5      | Killed Khashishi's ghost
  7546 | D:5      | Reached skill level 6 in Conjurations
  7670 | D:5      | Reached skill level 10 in Air Magic
  8082 | D:6      | Reached XP level 9. HP: 47/47 MP: 0/16
  8389 | D:6      | Reached skill level 11 in Air Magic
  8569 | D:7      | Reached * piety under Sif Muna
  9010 | D:7      | Found a glowing silver altar of Zin.
  9032 | D:7      | Reached skill level 12 in Air Magic
  9272 | D:6      | Reached skill level 2 in Fighting
  9500 | D:3      | Bought a pair of runed gloves for 217 gold pieces
  9500 | D:3      | Bought an embroidered robe for 107 gold pieces
  9500 | D:3      | Identified a +2 robe of resistance (You bought it in a shop
                  | on level 3 of the Dungeon)
  9951 | D:8      | Found a transporter.
  9984 | D:8      | Found a transporter.
 10048 | D:8      | Reached skill level 3 in Fighting
 10048 | D:8      | Reached skill level 6 in Dodging
 10150 | D:8      | Found a large runed translucent door.
 10152 | D:8      | Found a large runed translucent door.
 10176 | D:8      | Noticed a troll
 10177 | D:8      | Reached skill level 5 in Spellcasting
 10195 | D:8      | Noticed wormed's ghost (novice GnWn)
 10424 | D:8      | Identified the +10 quarterstaff of Fate {flame, Str+3}
 10441 | D:8      | Found an ornate altar of the Wu Jian Council.
 10487 | D:8      | Reached skill level 7 in Dodging
 10491 | D:8      | Noticed a rime drake
 10501 | D:8      | Reached XP level 10. HP: 32/56 MP: 0/19
 10538 | D:8      | Reached skill level 6 in Spellcasting
 10572 | D:8      | Reached skill level 1 in Invocations
 10911 | D:8      | Found a staircase to the Lair.
 10935 | D:8      | Reached skill level 2 in Invocations
 11127 | D:8      | Learned a level 7 spell: Storm Form
 11489 | D:8      | Reached skill level 1 in Transmutations
 12004 | D:9      | Reached skill level 3 in Invocations
 12392 | D:9      | Noticed a two-headed ogre
 12397 | D:9      | Killed a two-headed ogre
 12398 | D:9      | Reached skill level 2 in Transmutations
 12398 | D:9      | Reached skill level 13 in Air Magic
 12880 | D:9      | Reached skill level 4 in Invocations
 13290 | Lair:1   | Entered Level 1 of the Lair of Beasts
 13290 | Lair:1   | Noticed a black mamba
 13300 | D:8      | Reached skill level 3 in Transmutations
 13302 | D:8      | Reached ** piety under Sif Muna
 13402 | D:8      | Killed a black mamba
 13403 | D:8      | Reached XP level 11. HP: 47/60 MP: 12/21
 13532 | Lair:1   | Reached skill level 14 in Air Magic
 13532 | Lair:1   | Reached skill level 5 in Invocations
 13750 | Lair:1   | Reached skill level 4 in Transmutations
 14560 | Lair:1   | Reached skill level 6 in Invocations
 14570 | Lair:1   | Reached skill level 5 in Transmutations
 14834 | Lair:1   | Reached skill level 15 in Air Magic
 15704 | Lair:1   | Reached skill level 7 in Invocations
 15704 | Lair:1   | Reached XP level 12. HP: 23/64 MP: 16/22
 15918 | Lair:2   | Identified a scroll of acquirement
 15918 | Lair:2   | Acquired the +2 hat "Ziuckirphe" {rPois rC++ Str-2 Stlth+}
 15974 | Lair:2   | Found a dark tunnel.
 15988 | Volcano  | Entered a volcano
 16067 | Volcano  | Reached skill level 6 in Transmutations
 16835 | Volcano  | Reached skill level 16 in Air Magic
 17472 | Volcano  | Reached skill level 7 in Transmutations
 17628 | Lair:2   | Noticed Amaemon
 17645 | Lair:1   | HP: 4/64 [cane toad (16)]
 17645 | Lair:1   | Succumbed to a cane toad's poison

Vanquished Creatures
  A two-headed ogre (D:9)
  2 lindwurms (Volcano)
  A toenail golem (Volcano)
  A molten gargoyle (Volcano)
  3 elephants (Lair:1)
  The ghost of Khashishi the Shield-Bearer, a novice FoFi (D:5)
  2 black mambas
  5 cane toads
  3 rime drakes
  2 komodo dragons
  2 efreet (Volcano)
  A polar bear (Lair:1)
  2 trolls
  Sigmund (D:2)
  3 wraiths
  3 fire elementals
  13 yaks
  2 basilisks (Lair:1)
  7 water moccasins
  4 orc warriors
  2 black bears
  A sky beast (D:7)
  5 ice beasts
  An ogre (D:6)
  The ghost of GiantSquids the Poker, an amateur MfBe of Trog (D:3)
  7 wolves
  A phantom (D:4)
  2 kobold brigands
  6 bullfrogs
  2 scorpions
  4 earth elementals (Volcano)
  A necrophage (D:8)
  12 wights
  2 howler monkeys (D:8)
  3 hounds
  A jelly (D:5)
  6 orc priests
  A gnoll bouda (D:8)
  Terence (D:3)
  5 iguanas
  5 orc wizards
  Robin (D:3)
  9 gnolls
  8 adders
  An ufetubus (D:5)
  3 worms (D:3)
  A dart slug (D:1)
  27 orcs
  5 ball pythons
  5 endoplasms
  4 giant cockroaches
  11 goblins
  8 hobgoblins
  7 quokkas
  8 bats
  2 frilled lizards (D:1)
  17 kobolds
  4 rats (D:1)
  4 fire vortices (Volcano)
253 creatures vanquished.

Vanquished Creatures (others)
  A fire vortex (Volcano)
  A fungus (Lair:1)
  10 plants
12 creatures vanquished.

Grand Total: 265 creatures vanquished

Table legend: (Time is in decaauts)
 A = Elapsed time spent in this place.
 B = Non-inter-level travel time spent in this place.
 C = Inter-level travel time spent in this place.
 D = Time resting spent in this place.
 E = Time spent auto-exploring this place.
 F = Levels seen in this place.
 G = Mean time per level.
                   A        B        C        D        E       F      G
               +--------+--------+--------+--------+--------+-----+--------+
         Total |  17056 |  16095 |    961 |   4073 |   9523 |  13 | 1312.0 |
       Dungeon |  13180 |  12335 |    845 |   2706 |   7909 |   9 | 1464.4 |
        Temple |     89 |     79 |     10 |      0 |     65 |   1 |   89.0 |
          Lair |   2227 |   2122 |    105 |    474 |   1201 |   2 | 1113.5 |
       Volcano |   1559 |   1559 |      0 |    892 |    346 |   1 | 1559.0 |
               +--------+--------+--------+--------+--------+-----+--------+

Top non-repeatable levels by time:
     D:8: 2860 daAuts
  Lair:1: 2089 daAuts
     D:3: 1858 daAuts
     D:2: 1846 daAuts
 Volcano: 1559 daAuts
     D:5: 1385 daAuts
     D:6: 1367 daAuts
     D:1: 1301 daAuts
     D:7: 1096 daAuts
     D:4: 871 daAuts
     D:9: 593 daAuts
  Lair:2: 137 daAuts
  Temple: 89 daAuts

Table legend:
 A = Non-vault XP
 B = Vault XP
 C = Vault XP percentage of total XP
 D = Non-vault monster count
 E = Vault monster count
 F = Vault count percentage of total count
                 A         B        C        D         E       F
            +---------+---------+-------+---------+---------+-------
      Total |   15416 |    7707 |  33.3 |     197 |      52 |  20.9
            +---------+---------+-------+---------+---------+-------
        D:1 |      45 |       5 |  10.0 |      27 |       3 |  10.0
        D:2 |      36 |     337 |  90.3 |       9 |       2 |  18.2
        D:3 |     127 |     193 |  60.3 |      14 |      13 |  48.1
        D:4 |     148 |       0 |   0.0 |      11 |       0 |   0.0
        D:5 |     461 |     530 |  53.5 |      10 |       8 |  44.4
        D:6 |     778 |       0 |   0.0 |      20 |       0 |   0.0
        D:7 |     828 |       0 |   0.0 |      11 |       0 |   0.0
        D:8 |    3407 |    1008 |  22.8 |      40 |       6 |  13.0
        D:9 |    1968 |       0 |   0.0 |      24 |       0 |   0.0
     Lair:1 |    6706 |    2015 |  23.1 |      28 |       8 |  22.2
     Lair:2 |     912 |       0 |   0.0 |       3 |       0 |   0.0
    Volcano |       0 |    3619 | 100.0 |       0 |      12 | 100.0
            +---------+---------+-------+---------+---------+-------
